 Dungeon Crawl Stone Soup version 0.31-a0-801-gc67433417a (webtiles) character file.

Game seed: 8457870786433299558

0 Ivernyr the Slasher (level 1, -5/11 HPs)
             Began as a Vine Stalker Gladiator on Sept 20, 2023.
             Slain by a gnoll
             ... wielding a +0 spear
              (7 damage)
             ... on level 1 of the Dungeon.
             The game lasted 00:00:39 (16 turns).

Ivernyr the Slasher (Vine Stalker Gladiator)          Turns: 16, Time: 00:00:40

Health: -5/11      AC:  4    Str: 16    XL:     1   Next: 10%
Magic:  0/2        EV: 12    Int:  8    God:
Gold:   0          SH:  0    Dex: 15    Spells: 0/0 levels left

rFire   . . .        a - +0 long sword
rCold   . . .        (no shield)
rNeg    . . .        b - +0 leather armour
rPois   .            c - +0 helmet
rElec   .            (no cloak)
rCorr   .            (no gloves)
SInv    .            (no boots)
Will    .....        (no amulet)
Stlth   +            (no ring)
HPRegen 1.01/turn    (no ring)
MPRegen 0.08/turn

%: guardian spirit
@: no status effects
A: fangs 2, regeneration 1, magic shield, antimagic bite, no potion heal 2
a: no special abilities


You were on level 1 of the Dungeon.
You visited 1 branch of the dungeon, and saw 1 of its levels.

Inventory:

Hand Weapons
 a - a +0 long sword (weapon)
Missiles
 d - 3 throwing nets (quivered)
 e - a javelin
Armour
 b - a +0 leather armour (worn)
 c - a +0 helmet (worn)
Scrolls
 f - a scroll of enchant weapon {unknown}


   Skills:
 + Level 1.7 Fighting
 * Level 2.7 Long Blades
 - Level 1.7 Throwing
 + Level 0.0 Armour
 + Level 2.4 Dodging


You couldn't memorise any spells.
You didn't know any spells.
Your spell library was empty.

Dungeon Overview and Level Annotations

Branches:
Dungeon (1/15)

Altars:


Innate Abilities, Weirdness & Mutations

You have extremely sharp teeth.
Your natural rate of healing is unusually fast.
When hurt, damage is shared between your health and your magic reserves.
Your bite disrupts and absorbs the magic of your enemies.
Potions cannot restore your health.


Message History

Welcome, Ivernyr the Vine Stalker Gladiator.
Are you destined to find the glorious Orb of Zot, or to die trying?
Press ? for a list of commands and other information.
Found four items.
Found a staircase leading out of the dungeon.
f - a scroll labelled IKO KUTZYMAIV A gnoll and a rat come into view.
Found 6 gold pieces.
The gnoll shouts!
There are monsters nearby!
Found a fizzy white potion.
The rat closely misses you.
The gnoll hits you from afar with a +0 spear!
Ouch! That really hurt!
You barely miss the rat. The rat bites you. The gnoll barely misses you.
The rat attacks as it pursues you! The rat closely misses you.
The gnoll attacks as it pursues you! The gnoll closely misses you.
You barely miss the rat. The gnoll closely misses you.
The rat bites you but does no damage.
You hit the rat.
You kill the rat!
You closely miss the gnoll. The gnoll hits you with a +0 spear.
You slash the gnoll!
The gnoll is severely wounded.
The gnoll hits you but does no damage. The gnoll hits you with a +0 spear.
* * * LOW HITPOINT WARNING * * *
You hit the gnoll. You bite the gnoll, but do no damage.
The gnoll is severely wounded.
The gnoll hits you with a +0 spear.
* * * LOW HITPOINT WARNING * * *
The gnoll hits you from afar with a +0 spear!
Ouch! That really hurt!
You die...

..!....# ### .......
.... .....# ....
....##
##..#####...########
#..#.....#.........#
#..#.......#....$...#
#....<.@..#.......#
#..#.......#........#
#..#...[.#g?.......#
##..#####....##.####
##. ...?.## .# .
......## # # #.##.###
.. .. . #.#


You could see a gnoll.

Vanquished Creatures
  A rat (D:1)
1 creature vanquished.

Notes
Turn   | Place    | Note
-------+----------+-------------------------------------------
     0 | D:1      | Ivernyr the Vine Stalker Gladiator began the quest for the
                  | Orb.
     0 | D:1      | Reached XP level 1. HP: 11/11 MP: 2/2
    16 | D:1      | Slain by a gnoll

Illustrated notes

Levels and vault maps discovered:
D:1:      scummos_arrival_hexagon, layout_rooms, shapermc_ecumenical_altar_venn,
          serial_shops, shop, nicolae_shop_back_alley_shop,
          nicolae_shop_competitors_out_of_business, shop,
          nicolae_shop_getting_attention

Action                     || total
---------------------------++-------
  Melee: Long sword        ||     6
         Bite              ||     1
 Armour: Leather armour    ||     8
  Dodge: Dodged            ||     5

Table legend: (Time is in decaauts)
 A = Elapsed time spent in this place.
 B = Non-inter-level travel time spent in this place.
 C = Inter-level travel time spent in this place.
 D = Time resting spent in this place.
 E = Time spent auto-exploring this place.
 F = Levels seen in this place.
 G = Mean time per level.
                   A        B        C        D        E       F      G
               +--------+--------+--------+--------+--------+-----+--------+
         Total |     17 |     17 |      0 |      0 |      3 |   1 |   17.0 |
       Dungeon |     17 |     17 |      0 |      0 |      3 |   1 |   17.0 |
               +--------+--------+--------+--------+--------+-----+--------+

Top non-repeatable levels by time:
     D:1: 17 daAuts
